 Dungeon Crawl Stone Soup version 0.21.1-1-g345015fe64 (webtiles) character file.

4591 Jannitor the Jinx (level 10, 0/59 HPs)
             Began as a Deep Elf Arcane Marksman on June 6, 2018.
             Was an Elder of Okawaru.
             Slain by a wolf (7 damage)
             ... led by Grum
             ... on level 8 of the Dungeon on June 7, 2018.
             The game lasted 00:41:18 (16008 turns).

Jannitor the Jinx (Deep Elf Arcane Marksman)       Turns: 16008, Time: 00:41:19

Health: 0/59       AC:  8    Str: 10    XL:     10   Next: 18%
Magic:  24/24      EV: 15    Int: 22    God:    Okawaru [****..]
Gold:   492        SH:  3    Dex: 18    Spells: 4/14 levels left

rFire    . . .     SeeInvis .   B - -1 long sword
rCold    . . .     Gourm    .   (no shield)
rNeg     . . .     Faith    .   m - +1 ring mail of the Wumpus {rPois Int+3 Dex+3} (curse)
rPois    +         Spirit   .   j - +0 helmet
rElec    .         Reflect  +   p - +0 cloak
rCorr    .         Harm     .   y - +0 pair of gloves
MR       ++...                  (no boots)
Stlth    ++........             A - +3 amulet of reflection
HPRegen  0.19/turn              k - ring of magical power
MPRegen  0.19/turn              l - ring of protection from magic

@: no status effects
A: hooves 1, deformed body
a: Heroism, Renounce Religion


You were on level 8 of the Dungeon.
You worshipped Okawaru.
Okawaru was greatly pleased with you.
You were hungry.

You visited 2 branches of the dungeon, and saw 10 of its levels.
You also visited: Sewer and Ossuary.

You collected 492 gold pieces.

Inventory:

Hand Weapons
 a - a +1 shortbow
 b - a +0 dagger
 B - a -1 long sword (weapon)
Missiles
 d - 24 arrows
Armour
 j - a +0 helmet (worn)
 m - the cursed +1 ring mail of the Wumpus (worn) {rPois Int+3 Dex+3}
   (You found it on level 5 of the Dungeon)

   It affects your intelligence (+3).
   It affects your dexterity (+3).
   It protects you from poison.
   It has a curse placed upon it.
 p - a +0 cloak (worn)
 r - a +0 ring mail
 y - a +0 pair of gloves (worn)
Jewellery
 k - a ring of magical power (left hand)
 l - a ring of protection from magic (right hand)
 A - a +3 amulet of reflection (around neck)
Wands
 q - a wand of scattershot (4)
Scrolls
 h - 2 scrolls of amnesia
 n - a scroll of enchant weapon
 o - a scroll of teleportation
 u - a scroll of fog
 v - 2 scrolls of remove curse
 z - 5 scrolls of identify
 E - a scroll of enchant armour {unknown}
Potions
 e - a potion of lignification {unknown}
 g - a potion of mutation
 i - a potion of might
 s - 3 potions of heal wounds
 t - 2 potions of invisibility
 w - 2 potions of curing
 x - 4 potions of haste
 D - a potion of agility {unknown}
Books
 c - a book of Debilitation

   Spells                             Type                      Level
   a - Corona                         Hexes                        1
   b - Slow                           Hexes                        2
   c - Inner Flame                    Hexes/Fire                   3
   d - Portal Projectile              Hexes/Translocation          3
   e - Cause Fear                     Hexes                        4
   f - Leda's Liquefaction            Hexes/Earth                  4
Miscellaneous
 C - a phantom mirror
Comestibles
 f - 10 rations


   Skills:
 + Level 5.3 Fighting
 + Level 7.5 Bows
 + Level 4.8 Armour
 + Level 8.0 Dodging
 - Level 5.8 Stealth
 + Level 2.5 Spellcasting
 - Level 9.0 Hexes


You had 4 spell levels left.
You knew the following spells:

 Your Spells              Type           Power        Failure   Level  Hunger
a - Corona                Hex            #####..      1%          1    None
b - Slow                  Hex            #####...     1%          2    ##.....
c - Cause Fear            Hex            #####.....   8%          4    ####...
d - Portal Projectile     Hex/Tloc       ###...       14%         3    ###....


Dungeon Overview and Level Annotations

Branches:
Dungeon (9/15)             Temple (1/1) D:6
   Lair: D:8-11         Orc: D:9-12

Altars:
Ashenzari
Cheibriados
Dithmenos
Elyvilon
Fedhas
Gozag
Hepliaklqana
Kikubaaqudgha
Makhleb
Nemelex Xobeh
Okawaru
Qazlal
Ru
Sif Muna
Trog
Uskayaw
Vehumet
Wu Jian
Xom
Yredelemnul
Zin
The Shining One

Annotations:
D:4 Faustar's ghost, novice OpEE
D:5 mrdizzer's ghost, novice SpAM
D:9 Grum


Innate Abilities, Weirdness & Mutations

You have large cloven feet.
Armour fits poorly on your strangely shaped body.


Message History

The wolf bites you. x2
You closely miss the wolf.
The wolf is severely wounded.
The wolf barely misses you.
You hit the wolf. You kick the wolf.
The wolf is severely wounded.
The wolf bites you! The wolf closely misses you.
You closely miss the wolf. Your kick misses the wolf.
The wolf is severely wounded.
The wolf barely misses you.
You miss the wolf. Your kick misses the wolf.
The wolf is severely wounded.
The wolf bites you!
* * * LOW HITPOINT WARNING * * *
The wolf bites you.
* * * LOW HITPOINT WARNING * * *
You barely miss the wolf.
The wolf is severely wounded.
The wolf bites you!
You die...

##.#.# #.# #.........## ####
...#.# #.# #.......#.# .....# #.#
#########.# ###### ###.### ##'##
# #.....# ##...## # #.###.#
##.<.).## # ## #.# #.##
##>......## ##
.########.###..####.........####.
................@hh.........'....
.#####.#####...####.........####.
## #.# #############....## #. #
######...........###### #. #
####⌠...................### #.
####..#......................###.
##....#.....#########..........##
#.....##..###.......####........#
.......#........(O.....###.......


You could see 2 wolves.

Vanquished Creatures
  A two-headed ogre (D:8)
  The ghost of yohadams the Chopper, an amateur DDMo of Makhleb (D:6)
  A troll (D:8)
  Prince Ribbit (D:7)
  A wyvern (D:8)
  A steam dragon (D:8)
  A hungry ghost (D:7)
  Menkaure (D:7)
  An ice beast (D:7)
  A black bear (D:6)
  A phantom (D:7)
  3 sky beasts
  3 ogres
  A centaur (D:6)
  3 bullfrogs
  5 killer bees (D:7)
  6 scorpions
  A centaur zombie (D:7)
  2 crimson imps (D:7)
  2 bullfrog zombies
  A hound (D:7)
  4 jellies
  6 orc priests
  4 orc wizards
  9 worker ants
  5 iguanas
  A killer bee zombie (D:8)
  A howler monkey zombie (D:7)
  A howler monkey skeleton (D:6)
  13 adders
  2 shadow imps
  An adder zombie (D:8)
  3 adder skeletons
  A dart slug (D:3)
  2 worms
  3 leopard geckos
  18 orcs
  7 ball pythons
  12 bats
  5 giant cockroaches
  10 goblins
  8 hobgoblins
  19 jackals
  17 kobolds
  3 quokkas
  5 frilled lizards
  A jackal zombie (D:7)
  2 quokka skeletons
  A quokka zombie (D:8)
  5 rats
  2 bushes
  A plant (Sewer)
210 creatures vanquished.

Vanquished Creatures (others)
  14 fungi (D:5)
  A plant (Sewer)
15 creatures vanquished.

Grand Total: 225 creatures vanquished

Notes
Turn   | Place    | Note
-------+----------+-------------------------------------------
     0 | D:1      | Jannitor the Deep Elf Arcane Marksman began the quest for the Orb.
     0 | D:1      | Reached XP level 1. HP: 11/11 MP: 5/5
    96 | D:1      | Reached skill level 1 in Fighting
   227 | D:1      | Reached XP level 2. HP: 16/16 MP: 6/6
   693 | D:1      | Learned a level 2 spell: Slow
  1774 | D:2      | Reached XP level 3. HP: 11/20 MP: 7/7
  2904 | D:2      | Found a sparkling altar of Nemelex Xobeh.
  2904 | D:2      | Found an iron altar of Okawaru.
  2908 | D:2      | Became a worshipper of Warmaster Okawaru
  3386 | D:3      | Reached XP level 4. HP: 25/26 MP: 8/8
  3454 | D:3      | Found a glowing drain.
  3642 | Sewer    | Entered a sewer
  4467 | Sewer    | Gained mutation: Armour fits poorly on your strangely shaped body. [potion of mutation]
  4467 | Sewer    | Gained mutation: You have large cloven feet. [potion of mutation]
  4897 | Sewer    | Reached XP level 5. HP: 13/30 MP: 9/9
  6120 | D:4      | Reached skill level 5 in Hexes
  6132 | D:4      | Reached skill level 1 in Armour
  6196 | D:4      | Found a sand-covered staircase.
  6291 | Ossuary  | Entered an ossuary
  6390 | D:4      | Noticed Faustar's ghost (novice OpEE)
  6727 | D:5      | Entered Level 5 of the Dungeon
  6750 | D:5      | Got a translucent ring mail
  6761 | D:5      | Identified the cursed +1 ring mail of the Wumpus {rPois Int+3 Dex+3} (You found it on level 5 of the Dungeon)
  6791 | D:5      | You fall through a shaft!
  6830 | D:6      | Found a basalt altar of Yredelemnul.
  6852 | D:6      | Reached XP level 6. HP: 33/35 MP: 10/10
  6993 | D:6      | Found a burning altar of Makhleb.
  6993 | D:6      | Found a radiant altar of Vehumet.
  6994 | D:6      | Found a glowing silver altar of Zin.
  7306 | D:6      | Reached * piety under Okawaru
  7351 | D:6      | Noticed a sky beast
  7360 | D:6      | Reached XP level 7. HP: 36/40 MP: 11/11
  7372 | D:6      | Reached skill level 5 in Dodging
  7372 | D:6      | Reached skill level 6 in Hexes
  7907 | D:5      | Noticed mrdizzer's ghost (novice SpAM)
  7947 | D:5      | Reached skill level 5 in Bows
  8569 | D:4      | Learned a level 4 spell: Cause Fear
  8981 | D:6      | Reached ** piety under Okawaru
  8981 | D:6      | Reached XP level 8. HP: 38/46 MP: 12/12
  9726 | D:5      | Reached skill level 1 in Stealth
  9871 | D:5      | Reached skill level 7 in Hexes
 10643 | D:6      | Noticed yohadams's ghost (amateur DDMo)
 10796 | D:6      | Killed yohadams's ghost
 10990 | D:6      | Found a staircase to the Ecumenical Temple.
 10999 | Temple   | Entered the Ecumenical Temple
 11417 | D:7      | Noticed Prince Ribbit
 11580 | D:7      | Killed Prince Ribbit
 11673 | D:7      | Found a white marble altar of Elyvilon.
 11673 | D:7      | Found a bloodstained altar of Trog.
 11707 | D:7      | Reached *** piety under Okawaru
 11717 | D:7      | Found a stormy altar of Qazlal.
 12174 | D:7      | Reached XP level 9. HP: 52/52 MP: 13/13
 12618 | D:7      | Noticed Menkaure
 12627 | D:7      | Killed Menkaure
 12632 | D:7      | Reached skill level 8 in Hexes
 13226 | D:8      | Found an ornate altar of the Wu Jian Council.
 13329 | D:8      | Reached **** piety under Okawaru
 13539 | D:8      | Reached skill level 5 in Stealth
 13802 | D:8      | Noticed a two-headed ogre
 14173 | D:8      | Noticed a two-headed ogre
 14222 | D:8      | Killed a two-headed ogre
 14222 | D:8      | Reached skill level 5 in Fighting
 14222 | D:8      | Reached XP level 10. HP: 59/59 MP: 14/14
 14436 | D:8      | Reached skill level 9 in Hexes
 14451 | D:8      | Learned a level 3 spell: Portal Projectile
 15438 | D:9      | Noticed a cyclops
 15968 | D:9      | Noticed Grum
 16008 | D:8      | Slain by a wolf

Skill      XL: |  1  2  3  4  5  6  7  8  9 10 |
---------------+-------------------------------+-----
Fighting       | 1 2 3 4 5 |  5.3
Dodging        | 3 4 5 6 7 8 |  8.0
Bows           | 3 4 5 6 7 |  7.5
Hexes          | 5 6 7 8 9 |  9.0
Armour         | 1 2 3 4 |  4.8
Stealth        | 3 5 |  5.8
Spellcasting   | 2 |  2.5

Action                   |  1- 3 |  4- 6 |  7- 9 | 10-12 || total
-------------------------+-------+-------+-------+-------++-------
Melee: Dagger            |   233 |   377 |   287 |       ||   897
       Kick              |       |     9 |   165 |    13 ||   187
       Long sword        |       |       |     6 |    33 ||    39
       Shortbow          |       |       |     1 |       ||     1
 Fire: Shortbow          |   148 |   224 |   554 |   115 ||  1041
 Cast: Slow              |    16 |    41 |    76 |    11 ||   144
       Corona            |       |    13 |    35 |    21 ||    69
Invok: Heroism           |       |       |     3 |     2 ||     5
  Use: Potion            |       |     9 |     1 |       ||    10
       Scroll            |       |     8 |     7 |       ||    15
 Stab: Sleeping          |     1 |       |       |       ||     1
  Eat: Ration            |     2 |     1 |     3 |       ||     6
       Chunk             |     2 |    14 |    18 |     6 ||    40
Armor: Robe              |    11 |       |       |       ||    11
       Ring mail         |    10 |   117 |    42 |    23 ||   192
Dodge: Dodged            |    59 |   196 |   119 |    71 ||   445
Block: Other             |       |       |    19 |    15 ||    34
       Rpst.: Long sword |       |       |     1 |    14 ||    15
